 Dungeon Crawl Stone Soup version 0.28-a0-1412-gf95308ed99 (webtiles) character file.

Game seed: 7735278881187193941

14 snetch the Chiller (level 2, -1/11 HPs)
             Began as a Felid Ice Elementalist on Jan 7, 2022.
             Was a Follower of Nemelex Xobeh.
             Slain by a quokka (2 damage)
             ... on level 2 of the Dungeon.
             The game lasted 00:02:03 (598 turns).

snetch the Chiller (Felid Ice Elementalist)          Turns: 598, Time: 00:02:04

Health: -1/11      AC:  1    Str:  4    XL:     2   Next: 31%
Magic:  0/6        EV: 17    Int: 16    God:    Nemelex Xobeh [*.....]
Gold:   29         SH:  0    Dex: 16    Spells: 4/5 levels left
                                        Lives:  0   Deaths: 0

rFire   . . .      SeeInvis +   (weapon unavailable)
rCold   . . .      Faith    .   (shield unavailable)
rNeg    . . .      Spirit   .   (armour unavailable)
rPois   .          Reflect  .   (helmet unavailable)
rElec   .          Harm     .   (cloak unavailable)
rCorr   .          Rampage  .   (gloves unavailable)
Will    .....                   (boots unavailable)
Stlth   ++........              (no amulet)
HPRegen 0.03/turn               (no ring)
MPRegen 0.10/turn               (no ring)

@: very slightly contaminated, quick
A: very small, claws 1, fangs 3, see invisible, speed 1, shaggy fur 1, stealthy
paws, no weapons or thrown items, no armour, multi-lived
a: Renounce Religion, Draw Escape, Draw Destruction, Draw Summoning


You were on level 2 of the Dungeon.
You worshipped Nemelex Xobeh.
Nemelex Xobeh was aware of your devotion.
You visited 1 branch of the dungeon, and saw 2 of its levels.

You collected 29 gold pieces.

Inventory:

Missiles
 b - 41 stones
Scrolls
 a - a scroll of identify {unknown}
 c - a scroll of teleportation {unknown}
 d - a scroll of immolation {unknown}
 f - a scroll of brand weapon {unknown}
Potions
 e - a potion of cancellation {unknown}


   Skills:
 + Level 2.7 Dodging
 + Level 2.7 Stealth
 + Level 2.1 Spellcasting
 + Level 4.1 Ice Magic


You had 4 spell levels left.
You knew the following spells:

 Your Spells              Type           Power      Damage    Failure   Level
a - Freeze                Ice            56%        1d7       3%          1

Your spell library contained the following spells:

 Spells                   Type           Power      Damage    Failure   Level
 Frozen Ramparts          Ice            28%        1d4       12%         3
 Ozocubu's Armour         Ice            14%        N/A       12%         3
 Hailstorm                Conj/Ice       8%         3d4       65%         4


Dungeon Overview and Level Annotations

Branches:
Dungeon (2/15)

Altars:
Nemelex Xobeh


Innate Abilities, Weirdness & Mutations

You have sharp claws.
You have razor-sharp teeth.
You have supernaturally acute eyesight. (SInv)
You cover ground quickly. (Speed+)
You are covered in fur. (AC +1)
Your paws help you pounce on unaware monsters.
You are incapable of wielding weapons or throwing items.
You cannot wear armour.
You gain extra lives every three experience levels.


Message History

The kobold misses you.
You scratch the kobold.
You kill the kobold!
You can't see any susceptible monsters within range! (Use Z to cast anyway.)
f - a scroll labelled VAMOSH DASOICI
Found a stone staircase leading down.
There is a stone staircase leading down here.
You climb downwards.
Found a stone staircase leading down.
There is a stone staircase leading up here.
Found a hand axe.
The worm completely misses you.
You scratch the worm but do no damage. You freeze the worm.
The worm is lightly wounded.
The worm closely misses you.
You freeze the worm!
The worm is heavily wounded.
The worm closely misses you.
You miscast Freeze.
You are very lightly contaminated with residual magic.
Nothing appears to happen.
You freeze the worm.
The worm is severely wounded.
The quokka bites you. The worm closely misses you.
You freeze the worm.
The worm is severely wounded.
The quokka misses you.
Unknown command.
You freeze the worm.
The worm is almost dead.
The quokka misses you. The worm bites you.
* * * LOW HITPOINT WARNING * * *
Unknown command.
You are too injured to fight recklessly!
You don't have enough magic to cast this spell.
You barely miss the worm.
The worm is almost dead.
The quokka bites you.
You die...
Your body disappears without a glow.

#.........#
#.........#
#.........#
#.........#
#.........#
##.......##
##.........#
#.....<....#
#...w@.....#
#...>..r.....#
..##.........#
##.......##
#.........
#.......##.
#.......#
...)..###


You could see a worm and a quokka.

Vanquished Creatures
  A dart slug (D:1)
  2 endoplasms (D:1)
  3 kobolds
  A bat (D:1)
  3 frilled lizards (D:1)
  4 rats (D:1)
14 creatures vanquished.

Notes
Turn   | Place    | Note
-------+----------+-------------------------------------------
     0 | D:1      | snetch the Felid Ice Elementalist began the quest for the
                  | Orb.
     0 | D:1      | Reached XP level 1. HP: 7/7 MP: 4/4
   105 | D:1      | Found a faded altar of an unknown god.
   139 | D:1      | Prayed at the altar of an unknown god.
   139 | D:1      | Became a worshipper of Nemelex Xobeh the Trickster
   139 | D:1      | Reached * piety under Nemelex Xobeh
   139 | D:1      | Received a gift from Nemelex Xobeh
   232 | D:1      | Reached skill level 4 in Ice Magic
   232 | D:1      | Reached XP level 2. HP: 7/11 MP: 4/6
   598 | D:2      | Slain by a quokka

Illustrated notes

Levels and vault maps discovered:
D:1:      saegor_arrival_simple_b, layout_basic,
          chequers_ecumenical_altar_simple_redux
D:2:      layout_rooms, uniq_natasha

Skill      XL: |  1 |
---------------+----+-----
Ice Magic      | 4 |  4.1
Dodging        | |  2.7
Stealth        | |  2.7
Spellcasting   | |  2.1

Action                   || total
-------------------------++-------
Melee: Unarmed           ||    13
       Bite              ||     1
 Cast: Freeze            ||    16
 Stab: Sleeping          ||     5
Armor: Skin              ||     2
Dodge: Dodged            ||    20

Table legend: (Time is in decaauts)
 A = Elapsed time spent in this place.
 B = Non-inter-level travel time spent in this place.
 C = Inter-level travel time spent in this place.
 D = Time resting spent in this place.
 E = Time spent auto-exploring this place.
 F = Levels seen in this place.
 G = Mean time per level.
                   A        B        C        D        E       F      G
               +--------+--------+--------+--------+--------+-----+--------+
         Total |    524 |    524 |      0 |      0 |    377 |   2 |  262.0 |
       Dungeon |    524 |    524 |      0 |      0 |    377 |   2 |  262.0 |
               +--------+--------+--------+--------+--------+-----+--------+

Top non-repeatable levels by time:
     D:1: 503 daAuts
     D:2: 21 daAuts
